 Dungeon Crawl Stone Soup version 0.28-a0-413-gde365fb1df (webtiles) character file.

Game seed: 3187681530812261665

5116 Decipherer the Basher (level 10, -1/86 (88) HPs)
             Began as a Minotaur Berserker on Sept 7, 2021.
             Was an Elder of Trog.
             Slain by a yak (12 damage)
             ... on level 9 of the Dungeon.
             The game lasted 00:07:20 (8638 turns).

Decipherer the Basher (Minotaur Berserker)          Turns: 8638, Time: 00:07:20

HP:   -1/86 (88)    AC: 14    Str: 23    XL:     10   Next: 32%
MP:   9/9           EV: 11    Int:  4    God:    Trog [****..]
Gold: 340           SH:  5    Dex: 18    Spells: 9/9 levels left

rFire   . . .      SeeInvis .   a - +1 mace
rCold   . . .      Faith    .   (no shield)
rNeg    . . .      Spirit   .   e - +0 chain mail
rPois   .          Reflect  +   (helmet restricted)
rElec   .          Harm     .   c - +1 cloak
rCorr   .          Rampage  .   (no gloves)
Will    +....                   (no boots)
Stlth   ..........              D - amulet of reflection
HPRegen 0.24/turn               o - +6 ring of dexterity
MPRegen 0.11/turn               g - ring of willpower

@: on berserk cooldown, attractive, lightly drained
A: horns 2, retaliatory headbutt
a: Renounce Religion, Berserk, Trog's Hand, Brothers in Arms


You were on level 9 of the Dungeon.
You worshipped Trog.
Trog was greatly pleased with you.
You visited 1 branch of the dungeon, and saw 9 of its levels.

You collected 340 gold pieces.

Inventory:

Hand Weapons
 a - a +1 mace (weapon)
Missiles
 h - 5 throwing nets
 q - 2 silver boomerangs
 t - 14 boomerangs (quivered)
 F - 15 poisoned darts
Armour
 c - a +1 cloak (worn)
 e - a +0 chain mail (worn)
Jewellery
 g - a ring of willpower (right hand)
 o - a +6 ring of dexterity (left hand)
 D - an amulet of reflection (around neck)
 E - a ring of protection from fire
Wands
 p - a wand of paralysis (14)
 y - a wand of acid (7)
Scrolls
 i - 2 scrolls of vulnerability {unknown}
 j - 2 scrolls of magic mapping
 l - a scroll of blinking {unknown}
 n - a scroll of silence {unknown}
 s - 7 scrolls of identify {unknown}
 u - a scroll of enchant armour
 v - 2 scrolls of enchant weapon
 w - a scroll of fear {unknown}
 x - a scroll of amnesia {unknown}
 z - 2 scrolls of teleportation {unknown}
 B - a scroll of immolation {unknown}
 J - a scroll of brand weapon {unknown}
Potions
 b - 5 potions of brilliance
 d - a potion of lignification
 k - 3 potions of curing
 m - a potion of invisibility
 C - 2 potions of magic


   Skills:
 + Level 7.9 Fighting
 + Level 10.5 Maces & Flails
 + Level 6.0 Throwing
 + Level 9.8 Armour
 + Level 5.3 Dodging
 + Level 1.7 Stealth
 + Level 2.3 Shields


You had 9 spell levels left.
You didn't know any spells.
Your spell library contained the following spells:

 Spells                   Type           Power      Damage    Failure   Level
 Foxfire                  Conj/Fire      0%         2x1d4     97%         1
 Magic Dart               Conj           0%         1d3       97%         1
 Sublimation of Blood     Necr           0%         N/A       99%         2
 Wereblood                Tmut           0%         N/A       99%         2
 Conjure Flame            Conj/Fire      0%         6-21      100%        3
 Inner Flame              Hex/Fire       0%         N/A       100%        3
 Animate Armour           Summ/Erth      0%         N/A       100%        4
 Flame Wave               Conj/Fire      0%         3d3       100%        4
 Summon Hydra             Summ           0%         N/A       100%        7
 Summon Horrible Things   Summ           0%         N/A       100%        8


Dungeon Overview and Level Annotations

Branches:
Dungeon (9/15)             Temple (0/1) D:4
   Lair: D:8-11         Orc: D:9-12

Altars:
Gozag
Kikubaaqudgha
Okawaru
Ru
Sif Muna
Trog
Uskayaw
Vehumet
Wu Jian
Yredelemnul


Innate Abilities, Weirdness & Mutations

You have a pair of horns on your head.
You reflexively headbutt those who attack you in melee.


Message History

The yak gores you.
* * * LOW HITPOINT WARNING * * *
You feel better.
The wight hits you from afar with a +4 halberd.
* * * LOW HITPOINT WARNING * * *
The yak gores you.
* * * LOW HITPOINT WARNING * * *
The wight hits you but does no damage. The yak gores you but does no damage.
It was a potion of invisibility.
You fade into invisibility!
You block the wight's attack. The yak barely misses you.
You are very lightly contaminated with residual magic.
It was a potion of berserk rage.
You're still recovering from your berserk rage.
The wight hits you but does no damage. The yak gores you but does no damage.
The wight hits you but does no damage. The yak gores you but does no damage.
It was a potion of flight.
Your roots keep you in place.
The wight hits you but does no damage. The yak gores you but does no damage.
It was a potion of cancellation.
Your magical effects are unravelling.
You feel magically purged.
Your magical contamination has completely faded away.
You feel less wooden.
Your +1 cloak unmelds from your body.
Your +0 chain mail unmelds from your body.
You feel yourself speed up.
You flicker back into view.
You feel a little less clever now. The wight closely misses you.
You block the yak's attack. The wight barely misses you.
The yak barely misses you. You furiously retaliate!
You headbutt the yak!
It was a potion of attraction.
You feel attractive to monsters.
The wight hits you from afar with a +4 halberd.
* * * LOW HITPOINT WARNING * * *
You block the yak's attack.
It was a potion of heal wounds.
You feel much better.
The wight hits you from afar with a +4 halberd.
* * * LOW HITPOINT WARNING * * *
The yak gores you!
You die...

#.<.........
####.####### #..##
##..# ##.# ###
######.### #. ....
###........# #...
.....
##zY........#...#
...?..#†.#@.........#
......)z##........###
......####........#
..... ########## ####


You could see a yak and a wight.

Vanquished Creatures
  Erica (D:8)
  10 yaks
  A steam dragon (D:7)
  Grum (D:8)
  4 water moccasins
  An orc warrior (D:8)
  A necrophage (D:6)
  An ice beast (D:6)
  A hornet zombie (D:7)
  4 sky beasts
  2 wolves (D:8)
  An ogre (D:5)
  A phantom (D:4)
  2 bullfrogs (D:6)
  A water moccasin zombie (D:6)
  A scorpion (D:6)
  A water moccasin skeleton (D:6)
  5 wights
  A howler monkey (D:6)
  2 lava snakes
  2 centaur zombies (D:5)
  A bullfrog skeleton (D:6)
  2 hounds (D:6)
  A gnoll shaman (D:7)
  3 orc priests
  5 iguanas
  An orc wizard (D:8)
  A hound skeleton (D:5)
  11 gnolls
  4 adders
  A howler monkey skeleton (D:4)
  2 shadow imps
  An ufetubus (D:6)
  An adder skeleton (D:5)
  A worm (D:3)
  4 dart slugs
  25 orcs
  10 ball pythons
  5 endoplasms
  A giant cockroach (D:1)
  5 goblins
  4 hobgoblins
  2 jackals (D:1)
  4 quokkas
  2 bats (D:1)
  3 kobolds
  2 rats
146 creatures vanquished.

Notes
Turn   | Place    | Note
-------+----------+-------------------------------------------
     0 | D:1      | Decipherer the Minotaur Berserker began the quest for the
                  | Orb.
     0 | D:1      | Reached XP level 1. HP: 19/19 MP: 0/0
   233 | D:1      | Reached XP level 2. HP: 25/27 MP: 1/1
   235 | D:1      | Reached skill level 4 in Maces & Flails
   392 | D:1      | Reached XP level 3. HP: 33/33 MP: 2/2
   930 | D:2      | Reached XP level 4. HP: 11/41 MP: 3/3
  1552 | D:2      | Reached skill level 5 in Maces & Flails
  1617 | D:2      | Reached ** piety under Trog
  1772 | D:2      | Found a faded altar of an unknown god.
  2066 | D:3      | Found a bloodstained altar of Trog.
  2372 | D:3      | Reached XP level 5. HP: 41/47 MP: 4/4
  3216 | D:4      | Reached skill level 5 in Fighting
  3222 | D:4      | Got the Grimoire of the Escort
  3223 | D:4      | Found a staircase to the Ecumenical Temple.
  3603 | D:4      | Noticed a phantom
  3621 | D:4      | Killed a phantom
  3622 | D:4      | Reached XP level 6. HP: 28/56 MP: 5/5
  3815 | D:4      | Found an ancient bone altar of Kikubaaqudgha.
  3815 | D:4      | Found a shimmering blue altar of Sif Muna.
  3818 | D:4      | Found a radiant altar of Vehumet.
  3823 | D:4      | Got Vehumet's Disquisition on Arcane Weapons
  4117 | D:5      | Entered Level 5 of the Dungeon
  4155 | D:5      | Found a hide-covered altar of Uskayaw.
  4167 | D:5      | Reached skill level 6 in Maces & Flails
  4184 | D:5      | Reached skill level 1 in Stealth
  4393 | D:5      | Noticed a water moccasin
  4397 | D:5      | Killed a water moccasin
  4398 | D:5      | Reached skill level 1 in Throwing
  4398 | D:5      | Reached XP level 7. HP: 58/61 MP: 6/6
  4424 | D:5      | Reached *** piety under Trog
  4879 | D:6      | Reached skill level 7 in Maces & Flails
  4886 | D:6      | Found a sacrificial altar of Ru.
  5334 | D:6      | Reached skill level 5 in Armour
  5334 | D:6      | Reached XP level 8. HP: 68/70 MP: 7/7
  5385 | D:6      | Reached skill level 8 in Maces & Flails
  6215 | D:7      | Reached skill level 9 in Maces & Flails
  6215 | D:7      | Reached XP level 9. HP: 78/78 MP: 8/8
  6340 | D:7      | Found an ornate altar of the Wu Jian Council.
  6539 | D:7      | Found a basalt altar of Yredelemnul.
  6539 | D:7      | Found an opulent altar of Gozag.
  6540 | D:7      | Found an iron altar of Okawaru.
  7093 | D:8      | Reached **** piety under Trog
  7110 | D:8      | Reached skill level 1 in Shields
  7844 | D:8      | Reached skill level 10 in Maces & Flails
  7847 | D:8      | Reached skill level 5 in Throwing
  8039 | D:8      | Noticed Erica
  8052 | D:8      | Killed Erica
  8053 | D:8      | Reached XP level 10. HP: 70/86 MP: 9/9
  8353 | D:8      | Noticed Grum
  8366 | D:8      | Killed Grum
  8622 | D:9      | Reached skill level 5 in Dodging
  8626 | D:9      | HP: 4/88 [yak (3)]
  8631 | D:9      | HP: 5/129 [yak (1)]
  8637 | D:9      | HP: 4/86 [wight (2)]
  8638 | D:9      | Slain by a yak

Illustrated notes

Levels and vault maps discovered:
D:1:      minmay_arrival_radiant_lines, layout_loops_ring
D:2:      layout_basic, chequers_ecumenical_altar_simple
D:3:      layout_loops_ring, mainiacjoe_overflow_small_starburst
D:4:      layout_basic, grunt_temple_overflow_magic_moments,
          minmay_temple_entry_proselytizer
D:5:      layout_loops_cross, nicolae_uskayaw_dance_hall,
          chequers_serial_rivers_micro_c
D:6:      layout_loops_ring, nicolae_ru_awakened_eye, eino_tiny_chamber,
          minmay_joined_circles
D:7:      layout_loops_ring, nicolae_wu_jian_wuxing_cycle,
          gammafunk_temple_overflow_claw, kennysheep_generic_room_4
D:8:      layout_basic, grunt_decor_junction, uniq_erica, uniq_grum
D:9:      layout_roguey, the_hattery, uniq_harold

Skill      XL: |  1  2  3  4  5  6  7  8  9 10 |
---------------+-------------------------------+-----
Maces & Flails | 4 5 6 7 9 10 | 10.5
Fighting       | 4 5 6 7 |  7.9
Armour         | 3 4 5 6 9 |  9.8
Dodging        | 3 4 5 |  5.3
Stealth        | 1 |  1.7
Throwing       | 1 2 3 5 6 |  6.0
Shields        | 1 2 |  2.3

Action                   |  1- 3 |  4- 6 |  7- 9 | 10-12 || total
-------------------------+-------+-------+-------+-------++-------
Melee: Mace              |    44 |   125 |   181 |    34 ||   384
       Headbutt          |     9 |    26 |    52 |     8 ||    95
Throw: Boomerang         |       |    17 |    69 |    11 ||    97
Invok: Berserk           |     2 |     3 |     7 |     1 ||    13
       Trog's Hand       |       |       |     1 |       ||     1
  Use: Scroll            |       |       |     6 |       ||     6
       Potion            |       |       |       |    11 ||    11
 Stab: Sleeping          |     2 |       |       |       ||     2
Armor: Animal skin       |    10 |       |       |       ||    10
       Leather armour    |       |    17 |       |       ||    17
       Chain mail        |       |    16 |    84 |    11 ||   111
       Skin              |       |       |       |     9 ||     9
Dodge: Dodged            |    29 |    75 |    74 |    20 ||   198
Block: Other             |       |       |    17 |     9 ||    26

Table legend: (Time is in decaauts)
 A = Elapsed time spent in this place.
 B = Non-inter-level travel time spent in this place.
 C = Inter-level travel time spent in this place.
 D = Time resting spent in this place.
 E = Time spent auto-exploring this place.
 F = Levels seen in this place.
 G = Mean time per level.
                   A        B        C        D        E       F      G
               +--------+--------+--------+--------+--------+-----+--------+
         Total |   8756 |   8530 |    226 |      0 |   7490 |   9 |  972.9 |
       Dungeon |   8756 |   8530 |    226 |      0 |   7490 |   9 |  972.9 |
               +--------+--------+--------+--------+--------+-----+--------+

Top non-repeatable levels by time:
     D:8: 1701 daAuts
     D:2: 1235 daAuts
     D:6: 1050 daAuts
     D:3: 1049 daAuts
     D:4: 1034 daAuts
     D:7: 1012 daAuts
     D:1: 857 daAuts
     D:5: 742 daAuts
     D:9: 73 daAuts
